cohdb
Replays
Latest Replays
All Replays
Popular Replays
Top Player Replays
Match Explorer
How It Works
Community
CoH3 Stats
Reddit
Sign in to upload your games and track your stats! →
Sign in with Steam
Match 41598978
Unlisted
Match 41598978
Overview
Messages
Build Orders
End
Royal Engineer Section
Selects Canadian Shock Battlegroup
Construct Section Command Post
Dingo Light Scout Car
Infantry Section
Selects Attacking Spirit
Selects Canadian Shock Section
Canadian Shock Section
Vickers Machine Gun Team
Selects Incendiary Munitions
Infantry Section
Construct Field Infirmary
Grenade Package
Construct Platoon Command Post
Selects Smoke Operation
Humber Armored Car
WadoVice
SulumEi
0
0
Comments
sign in to comment!
No comments posted yet!